Map: Ascension to Aiur LE

Players

Neeb

  • Race: Protoss Protoss
  • Spawn Location: 5:00

soO - Winner!

  • Race: Zerg Zerg
  • Spawn Location: 11:00

Event: 2017 WCS Global Finals

VOD

Have the link to the VOD?

Description

Time

  • Played on: Oct. 29, 2017, 12:31 p.m.
  • Length: 8:52

All games in this series

Show
View Real Time Build Order
Export as new Build Order

Neeb Protoss 

Build Orders: Nexus First, Archon Immortal, Zealot Archon, Archon Drop, Dark Templar Rush 

Get SALT Encoding   

  12  0:00  Probe (Chrono Boost)  
  13  0:11  Probe (Chrono Boost)  
  14  0:17  Pylon  
  14  0:22  Probe (Chrono Boost)  
  15  0:36  Probe (Chrono Boost)  
  16  0:46  Probe (Chrono Boost)  
  18  0:57  Probe (Chrono Boost)  
  18  1:02  Nexus  
  18  1:12  Gateway  
  18  1:15  Probe (Chrono Boost)  
  19  1:20  Assimilator  
  20  1:25  Probe (Chrono Boost)  
  20  1:31  Assimilator  
  20  1:36  Probe (Chrono Boost)  
  20  1:38  Pylon  
  21  1:48  Probe (Chrono Boost)  
  22  1:59  Probe (Chrono Boost)  
  22  2:00  Cybernetics Core  
  23  2:09  Probe (Chrono Boost)  
  23  2:14  Probe (Chrono Boost)  
  25  2:20  Probe (Chrono Boost)  
  26  2:24  Warp Gate  
  26  2:25  Probe (Chrono Boost)  
  27  2:30  Probe (Chrono Boost)  
  27  2:34  Adept (Chrono Boost)  
  27  2:35  Probe (Chrono Boost)  
  29  2:39  Twilight Council  
  29  2:43  Probe (Chrono Boost)  
  32  2:48  Probe (Chrono Boost)  
  32  2:50  Robotics Facility  
  33  2:55  Probe (Chrono Boost)  
  33  2:57  Adept  
  34  3:00  Probe (Chrono Boost)  
  34  3:03  Gateway  
  38  3:07  Probe (Chrono Boost)  
  38  3:12  Probe (Chrono Boost)  
  39  3:18  Probe (Chrono Boost)  
  40  3:20  Dark Shrine  
  41  3:29  Probe (Chrono Boost)  
  41  3:31  Gateway x2  
  41  3:36  Warp Prism (Chrono Boost)  
  41  3:38  Probe  
  44  3:43  Pylon  
  44  3:44  Probe  
  45  3:48  Assimilator  
  45  3:49  Assimilator  
  45  3:53  Probe  
  46  4:01  Probe, Pylon  
  47  4:05  Probe  
  48  4:13  Probe (Chrono Boost)  
  48  4:14  Pylon  
  50  4:17  Probe (Chrono Boost)  
  50  4:25  Probe (Chrono Boost)  
  50  4:28  Probe (Chrono Boost)  
  50  4:34  Dark Templar x4  
  50  4:36  Probe (Chrono Boost)  
  59  4:39  Probe (Chrono Boost)  
  59  4:40  Pylon  
  59  4:41  Pylon  
  59  4:45  Observer  
  61  4:46  Probe (Chrono Boost)  
  63  4:58  Charge  
  63  4:59  Gateway  
  62  5:01  Gateway  
  62  5:05  Probe (Chrono Boost)  
  65  5:09  Immortal (Chrono Boost)  
  67  5:19  Adept x3  
  73  5:21  Sentry  
  73  5:25  Archon  
  73  5:26  Archon  
  73  5:28  Pylon  
  75  5:30  Gateway  
  75  5:31  Gateway  
  75  5:42  Nexus  
  75  5:46  Zealot x2  
  75  5:55  Immortal (Chrono Boost)  
  74  6:03  Probe x2  
  76  6:06  Forge  
  76  6:08  Nexus, Sentry  
  76  6:09  Pylon  
  78  6:12  Sentry  
  78  6:13  Sentry  
  78  6:17  Probe  
  83  6:18  Zealot  
  83  6:21  Nexus  
  83  6:23  Probe  
  86  6:27  Protoss Ground Weapons Level 1 (Chrono Boost)  
  86  6:36  Immortal (Chrono Boost)  
  86  6:37  Probe  
  92  6:49  Probe  
  92  6:54  Zealot  
  94  7:05  Zealot x2  
  94  7:07  Probe x2  
  94  7:20  Pylon  
  94  7:21  Pylon x2  
  94  7:24  Pylon  
  94  7:27  Templar Archives  
  94  7:33  Probe x2  
  94  7:34  Immortal (Chrono Boost)  
  94  7:36  Probe  
  100  7:41  Assimilator  
  101  7:45  Probe x2  
  101  7:46  Assimilator  
  101  7:48  Pylon  
  101  7:49  Mothership Core  
  105  7:57  Dark Templar x3, Probe  
  112  7:58  Sentry  
  112  8:00  Dark Templar  
  112  8:01  Probe  
  112  8:03  Archon x2  
  116  8:15  Zealot  
  112  8:23  Zealot  
  80  8:36  Zealot x5  
Show
View Real Time Build Order
Export as new Build Order

soO Zerg - Winner!

Build Orders: Hatch First 

Get SALT Encoding   

  12  0:00  Drone  
  13  0:11  Overlord  
  13  0:16  Drone  
  14  0:30  Drone x2  
  14  0:33  Drone  
  17  0:51  Hatchery  
  17  0:54  Drone  
  17  0:57  Drone  
  18  1:08  Extractor  
  17  1:12  Spawning Pool  
  17  1:15  Drone  
  17  1:18  Drone  
  18  1:28  Drone  
  19  1:38  Drone  
  20  1:48  Overlord  
  20  1:58  Queen  
  22  2:02  Queen  
  22  2:03  Zergling x2  
  22  2:04  Drone  
  22  2:07  Metabolic Boost  
  26  2:10  Drone  
  26  2:13  Drone  
  28  2:21  Drone  
  29  2:24  Drone  
  30  2:36  Hatchery  
  29  2:38  Drone  
  30  2:45  Pneumatized Carapace  
  30  2:48  Drone  
  30  2:50  Drone  
  32  2:52  Overlord  
  32  2:57  Zergling x2  
  33  2:58  Drone  
  34  3:08  Zergling x4  
  34  3:10  Queen  
  34  3:12  Drone x2  
  40  3:17  Drone x2  
  42  3:20  Overlord  
  42  3:23  Drone  
  42  3:24  Drone  
  44  3:34  Overlord  
  44  3:40  Drone x3  
  44  3:41  Drone, Roach Warren  
  47  3:43  Drone  
  48  3:48  Queen  
  48  3:50  Drone  
  48  3:52  Drone  
  52  3:57  Drone x2  
  52  4:00  Extractor  
  53  4:04  Drone  
  53  4:05  Lair  
  54  4:12  Drone  
  54  4:13  Drone x2  
  54  4:14  Spore Crawler, Overlord  
  56  4:20  Roach, Spore Crawler  
  57  4:24  Extractor  
  57  4:26  Roach  
  57  4:27  Overlord  
  57  4:29  Roach  
  57  4:30  Zergling x6  
  62  4:33  Roach  
  62  4:37  Spore Crawler  
  62  4:38  Roach  
  64  4:42  Roach  
  64  4:45  Roach  
  66  4:46  Zergling x4  
  66  4:48  Zergling x2  
  68  4:59  Ravager  
  68  5:01  Zergling x4  
  68  5:02  Zergling x4  
  68  5:04  Drone  
  68  5:05  Drone x6  
  78  5:08  Drone, Overseer  
  78  5:12  Drone x2  
  81  5:17  Glial Reconstitution  
  81  5:26  Drone  
  81  5:27  Overlord  
  82  5:30  Overlord  
  82  5:31  Overlord  
  82  5:36  Overlord  
  82  5:39  Evolution Chamber  
  82  5:40  Hydralisk Den, Drone  
  82  5:41  Drone  
  82  5:46  Drone x2  
  82  5:48  Roach  
  82  5:49  Roach x2  
  87  5:55  Roach x3  
  91  6:06  Drone x3  
  91  6:07  Zerg Missile Weapons Level 1, Drone x2  
  91  6:08  Extractor  
  91  6:10  Extractor  
  91  6:11  Drone x3  
  97  6:20  Muscular Augments  
  96  6:26  Drone x3  
  96  6:27  Drone x2  
  96  6:29  Overlord  
  96  6:30  Overlord  
  96  6:32  Overlord  
  101  6:39  Overlord  
  101  6:44  Overlord  
  101  6:48  Hydralisk x5  
  101  6:50  Overlord  
  110  6:55  Roach x2  
  110  7:00  Roach x2  
  116  7:04  Roach x3  
  119  7:10  Hydralisk x3  
  125  7:16  Roach x3  
  131  7:23  Roach  
  131  7:24  Roach x2  
  131  7:27  Roach x2  
  131  7:29  Hatchery  
  140  7:32  Roach x2  
  140  7:35  Roach  
  140  7:36  Roach  
  148  7:45  Roach x3  
  148  7:46  Overlord x2  
  154  7:54  Overlord  
  154  7:55  Overseer  
  154  7:57  Overlord  
  154  8:04  Overlord  
  154  8:06  Roach  
  154  8:09  Zergling x12  
  162  8:13  Zergling x2  
  159  8:20  Hydralisk x2  
  159  8:21  Zergling x6  
  159  8:22  Hydralisk  
  148  8:31  Zergling x10  
Tags
 
Add a new tag
Caveats
  • Supply blocks, unpowered buildings, or Contaminate may cause inaccurate times.
  • Supply counts are checked every 10 seconds.